 Dungeon Crawl Stone Soup version 0.32-a0-172-gc5dd13f2a7 (webtiles) character file.

Game seed: 16195777685177483797

2331 cforsyth the Fighter (level 9, -1/72 HPs)
             Began as a Djinni Hexslinger on Feb 13, 2024.
             Slain by a two-headed ogre
             ... wielding a +0 giant club
              (11 damage)
             ... on level 7 of the Dungeon.
             The game lasted 00:12:21 (6408 turns).

cforsyth the Fighter (Djinni Hexslinger)            Turns: 6408, Time: 00:12:22

Health: -1/72      AC:  4    Str:  7    XL:     9   Next: 70%
Gold:   336        EV: 12    Int: 18    God:
                   SH:  0    Dex: 17

rFire   + + .        a - staff of cold {!a}
rCold   . . .        (no shield)
rNeg    . . .        c - +0 robe
rPois   ∞            (no helmet)
rElec   .            p - +1 cloak
rCorr   .            (no gloves)
SInv    .            (boots unavailable)
Will    .....        (no amulet)
Stlth   ++           (no ring)
HPRegen 0.32/turn    (no ring)
MPRegen 0.00/turn

%: infuse magic (-2 HP)
@: flying
A: sickness immunity, fire resistance 2, cold vulnerability 1, float, innate
caster, HP casting, extra vitality 1
a: no special abilities


You were on level 7 of the Dungeon.
You visited 1 branch of the dungeon, and saw 7 of its levels.

You collected 336 gold pieces.


Innate Abilities, Weirdness & Mutations

You are immune to sickness and miasma.
You are immune to poison.
Your flesh is very heat resistant. (rF++)
You are vulnerable to cold. (rC-)
You float through the air rather than walking.
You learn spells naturally, not from books.
Your magical power is your life essence.
You have superior vitality. (+4 MHP)


   Skills:
 + Level 9.0 Fighting
 - Level 1.5 Ranged Weapons
 - Level 2.1 Dodging
 + Level 7.2 Spellcasting
 + Level 7.2 Conjurations
 + Level 7.2 Hexes
 + Level 7.2 Summonings
 + Level 7.2 Necromancy
 + Level 7.2 Translocations
 + Level 7.2 Fire Magic
 + Level 7.2 Ice Magic
 + Level 7.2 Air Magic
 + Level 7.2 Earth Magic
 + Level 7.2 Alchemy


You knew the following spells:

 Your Spells              Type           Power      Damage    Failure   Level
a - Scorch                Fire           64%        2d7       1%          2
b - Fugue of the Fallen   Necr           32%        N/A       1%          3
c - Cause Fear            Hex            16%        N/A       5%          4
d - Martyr's Knell        Necr/Summ      32%        N/A       5%          4
f - Inner Flame           Hex/Fire       32%        N/A       1%          3
z - Summon Small Mammal   Summ           100%       N/A       1%          1
X - Jinxbite              Hex            64%        N/A       1%          2
Y - Sigil of Binding      Hex            32%        N/A       1%          3
Z - Dimensional Bullseye  Hex/Tloc       16%        N/A       5%          4
Your spell library was empty.

Inventory:

Armour
 c - a +0 robe (worn)
 h - a scarf of harm
 p - a +1 cloak (worn)
 u - a +1 helmet
Magical Staves
 a - a staff of cold (weapon) {!a}
Wands
 e - a wand of paralysis (4)
Scrolls
 b - 2 scrolls of poison
 d - a scroll of vulnerability {unknown}
 k - 2 scrolls of teleportation {@r2}
 l - a scroll of blinking {unknown}
 m - a scroll of butterflies {unknown}
 n - a scroll of enchant armour
 o - a scroll of amnesia {unknown}
 t - a scroll of revelation {unknown}
 w - 2 scrolls of silence {unknown}
 x - 2 scrolls of fear
 y - a scroll of torment {unknown}
 A - a scroll of immolation {unknown}
Potions
 f - a potion of lignification
 g - 3 potions of brilliance
 i - a potion of magic
 j - a potion of resistance {unknown}
 q - a potion of heal wounds {unknown}
 r - a potion of ambrosia {unknown}
 s - a potion of haste {@q3}
 v - a potion of attraction {unknown}
 z - a potion of enlightenment {unknown}

Dungeon Overview and Level Annotations

Branches:
Dungeon (7/15)             Temple (0/1) D:6

Altars:
Cheibriados
Dithmenos
Hepliaklqana
Okawaru
Ru
Trog
Wu Jian
Xom
Zin

Portals:
Abyss: D:3

Annotations:
D:3 2 transporters, SirDiesAlot's ghost, amateur OpSh
D:4 3 runed translucent doors, ninjaread99's ghost, amateur DrCj

#.. ........>
#..##........
............
........... .
..........
...###........#
#....r.........
#..))O@.......
...............
....#..........
#.. ###........
# .##...##. .
...# . #.## .#
##


You could see a two-headed ogre (inner flame, combustible, ally target) and a
friendly quokka (summoned).


Message History

Flames lash the orc.
You kill the orc!
Unknown command.
Flames lash something.
Your quokka bites the two-headed ogre but does no damage.
Something hits your quokka but does no damage.
Unknown command.
Flames lash something.
Your quokka bites the two-headed ogre but does no damage.
The two-headed ogre hits you with a +0 giant club.
The two-headed ogre hits you with a +0 giant club!!
Unknown command.
Unknown command.
Flames lash something.
Reactivating autopickup.
You feel a bit more experienced.
Your quokka bites the two-headed ogre.
Flame seeps out of the two-headed ogre.
Your Fighting skill increases to level 9!
Unknown command.
Flames lash the two-headed ogre.
Flame seeps out of the two-headed ogre.
The two-headed ogre is moderately wounded.
The two-headed ogre's fire resistance burns away.
* * * LOW HITPOINT WARNING * * *
Your quokka bites the two-headed ogre but does no damage.
The two-headed ogre is engulfed in blazing flames.
Flame seeps out of the two-headed ogre.
The two-headed ogre hits you with a +0 giant club!!
* * * LOW HITPOINT WARNING * * *
The two-headed ogre hits you with a +0 giant club!
You die...

Skill      XL: |  1  2  3  4  5  6  7  8  9 |
---------------+----------------------------+-----
Spellcasting   | 3 4 5 6 7 |  7.2
Conjurations   | 3 4 5 6 7 |  7.2
Hexes          | 3 4 5 6 7 |  7.2
Summonings     | 3 4 5 6 7 |  7.2
Necromancy     | 3 4 5 6 7 |  7.2
Translocations | 3 4 5 6 7 |  7.2
Fire Magic     | 3 4 5 6 7 |  7.2
Ice Magic      | 3 4 5 6 7 |  7.2
Air Magic      | 3 4 5 6 7 |  7.2
Earth Magic    | 3 4 5 6 7 |  7.2
Alchemy        | 3 4 5 6 7 |  7.2
Fighting       | 2 3 4 6 7 9 |  9.0
Ranged Weapons | |  1.5
Dodging        | |  2.1

Action                     |  1- 3 |  4- 6 |  7- 9 || total
---------------------------+-------+-------+-------++-------
  Melee: Staff             |       |       |     1 ||     1
   Fire: Sling             |    69 |    51 |     9 ||   129
   Cast: Jinxbite          |     3 |    13 |       ||    16
         Summon Small Mamm |     1 |       |     1 ||     2
         Scorch            |       |    24 |   110 ||   134
         Inner Flame       |       |     2 |    33 ||    35
         Fugue of the Fall |       |       |     5 ||     5
         Cause Fear        |       |       |     2 ||     2
    Use: Potion            |       |     4 |     3 ||     7
         Scroll            |       |     1 |     3 ||     4
 Armour: Robe              |    19 |    40 |    59 ||   118
         Skin              |       |       |     2 ||     2
  Dodge: Dodged            |    33 |    37 |    31 ||   101

Levels and vault maps discovered:
D:1:      dpeg_arrival_pits, layout_basic
D:2:      cheibrodos_fertilizer, layout_rooms
D:3:      layout_basic, nicolae_dithmenos_through_a_glass_darkly,
          gammafunk_ghost_abyssal_escape, hellmonk_ecumenical_altar_arch_garden
D:4:      layout_basic, gammafunk_ghost_necromancy, minmay_vboxes, uniq_grinder,
          uniq_robin, uniq_pikel
D:5:      layout_basic, nzn_hepliaklqana_mist_gate, uniq_sigmund
D:6:      layout_cave_pools, lemuel_doored_altar, minitemple,
          minmay_temple_entry_arrows, item_on_display_a
D:7:      layout_layer_cave, nicolae_overflow_crystal_walls, serial_shops, shop,
          uniq_jeremiah

Notes
Turn   | Place    | Note
-------+----------+-------------------------------------------
     0 | D:1      | cforsyth the Djinni Hexslinger began the quest for the Orb.
     0 | D:1      | cforsyth set off with the following spells memorised:
                  | Jinxbite, Sigil of Binding, Inner Flame, Cause Fear,
                  | Dimensional Bullseye.
     0 | D:1      | Reached XP level 1. HP: 17/17 MP: 0/0
   168 | D:1      | Reached XP level 2. HP: 22/22 MP: 0/0
   338 | D:1      | Reached skill level 3 in Spellcasting
   338 | D:1      | Reached skill level 3 in Conjurations
   338 | D:1      | Reached skill level 3 in Hexes
   338 | D:1      | Reached skill level 3 in Summonings
   338 | D:1      | Reached skill level 3 in Necromancy
   338 | D:1      | Reached skill level 3 in Translocations
   338 | D:1      | Reached skill level 3 in Fire Magic
   338 | D:1      | Reached skill level 3 in Ice Magic
   338 | D:1      | Reached skill level 3 in Air Magic
   338 | D:1      | Reached skill level 3 in Earth Magic
   338 | D:1      | Reached skill level 3 in Alchemy
   477 | D:2      | Reached skill level 2 in Fighting
   477 | D:2      | Reached XP level 3. HP: 16/28 MP: 0/0
   477 | D:2      | Learned a level 1 spell: Summon Small Mammal
   677 | D:2      | Reached XP level 4. HP: 24/34 MP: 0/0
   832 | D:2      | Found a bloodstained altar of Trog.
   832 | D:2      | Found an ornate altar of the Wu Jian Council.
   832 | D:2      | Found a sacrificial altar of Ru.
   832 | D:2      | Found a shimmering altar of Xom.
   843 | D:2      | Reached skill level 3 in Fighting
   858 | D:2      | Reached XP level 5. HP: 20/40 MP: 0/0
   858 | D:2      | Learned a level 2 spell: Scorch
  1292 | D:3      | Noticed a small abomination
  1400 | D:3      | Found a shadowy altar of Dithmenos.
  1451 | D:3      | Found a faded altar of an unknown god.
  1481 | D:3      | Found a transporter.
  1491 | D:3      | Reached XP level 6. HP: 47/47 MP: 0/0
  1503 | D:3      | Found a one-way gate to the infinite horrors of the Abyss.
  1503 | D:3      | Noticed SirDiesAlot's ghost (amateur OpSh)
  1512 | D:3      | Found a transporter.
  1512 | D:3      | Noticed a small abomination
  1845 | D:4      | HP: 3/47 [sleepcap (4)]
  2034 | D:3      | Reached skill level 4 in Fighting
  2034 | D:3      | Reached skill level 4 in Spellcasting
  2034 | D:3      | Reached skill level 4 in Conjurations
  2034 | D:3      | Reached skill level 4 in Hexes
  2034 | D:3      | Reached skill level 4 in Summonings
  2034 | D:3      | Reached skill level 4 in Necromancy
  2034 | D:3      | Reached skill level 4 in Translocations
  2034 | D:3      | Reached skill level 4 in Fire Magic
  2034 | D:3      | Reached skill level 4 in Ice Magic
  2034 | D:3      | Reached skill level 4 in Air Magic
  2034 | D:3      | Reached skill level 4 in Earth Magic
  2034 | D:3      | Reached skill level 4 in Alchemy
  2592 | D:4      | Reached XP level 7. HP: 20/53 MP: 0/0
  2592 | D:4      | Learned a level 3 spell: Fugue of the Fallen
  2902 | D:4      | Noticed Grinder
  2904 | D:4      | Noticed Pikel
  2914 | D:4      | Killed Pikel
  2915 | D:4      | Reached skill level 6 in Fighting
  2915 | D:4      | Reached skill level 5 in Spellcasting
  2915 | D:4      | Reached skill level 5 in Conjurations
  2915 | D:4      | Reached skill level 5 in Hexes
  2915 | D:4      | Reached skill level 5 in Summonings
  2915 | D:4      | Reached skill level 5 in Necromancy
  2915 | D:4      | Reached skill level 5 in Translocations
  2915 | D:4      | Reached skill level 5 in Fire Magic
  2915 | D:4      | Reached skill level 5 in Ice Magic
  2915 | D:4      | Reached skill level 5 in Air Magic
  2915 | D:4      | Reached skill level 5 in Earth Magic
  2915 | D:4      | Reached skill level 5 in Alchemy
  2915 | D:4      | Reached XP level 8. HP: 28/61 MP: 0/0
  2916 | D:4      | Killed Grinder
  2916 | D:4      | HP: 3/61 [cloud of flame (5)]
  3446 | D:4      | Reached skill level 7 in Fighting
  3488 | D:4      | Noticed Robin
  3505 | D:4      | Killed Robin
  3685 | D:4      | Found a runed translucent gate.
  3685 | D:4      | Found a runed translucent gate.
  3686 | D:4      | Found a runed translucent gate.
  3687 | D:4      | Noticed ninjaread99's ghost (amateur DrCj)
  3928 | D:5      | Entered Level 5 of the Dungeon
  3951 | D:5      | Reached skill level 6 in Spellcasting
  3951 | D:5      | Reached skill level 6 in Conjurations
  3951 | D:5      | Reached skill level 6 in Hexes
  3951 | D:5      | Reached skill level 6 in Summonings
  3951 | D:5      | Reached skill level 6 in Necromancy
  3951 | D:5      | Reached skill level 6 in Translocations
  3951 | D:5      | Reached skill level 6 in Fire Magic
  3951 | D:5      | Reached skill level 6 in Ice Magic
  3951 | D:5      | Reached skill level 6 in Air Magic
  3951 | D:5      | Reached skill level 6 in Earth Magic
  3951 | D:5      | Reached skill level 6 in Alchemy
  4181 | D:5      | Noticed Sigmund
  4197 | D:5      | Killed Sigmund
  4198 | D:5      | Reached XP level 9. HP: 56/69 MP: 0/0
  4198 | D:5      | Learned a level 4 spell: Martyr's Knell
  4448 | D:5      | Reached skill level 8 in Fighting
  4993 | D:5      | Found a hazy altar of Hepliaklqana.
  5797 | D:6      | Reached skill level 7 in Spellcasting
  5797 | D:6      | Reached skill level 7 in Conjurations
  5797 | D:6      | Reached skill level 7 in Hexes
  5797 | D:6      | Reached skill level 7 in Summonings
  5797 | D:6      | Reached skill level 7 in Necromancy
  5797 | D:6      | Reached skill level 7 in Translocations
  5797 | D:6      | Reached skill level 7 in Fire Magic
  5797 | D:6      | Reached skill level 7 in Ice Magic
  5797 | D:6      | Reached skill level 7 in Air Magic
  5797 | D:6      | Reached skill level 7 in Earth Magic
  5797 | D:6      | Reached skill level 7 in Alchemy
  6019 | D:6      | Found a snail-covered altar of Cheibriados.
  6019 | D:6      | Found an ornate altar of the Wu Jian Council.
  6020 | D:6      | Found a glowing silver altar of Zin.
  6239 | D:6      | Found an iron altar of Okawaru.
  6322 | D:6      | Found a staircase to the Ecumenical Temple.
  6400 | D:7      | Noticed a two-headed ogre
  6408 | D:7      | Reached skill level 9 in Fighting
  6408 | D:7      | Slain by a two-headed ogre

Vanquished Creatures
  Pikel (D:4)
  Grinder (D:4)
  Sigmund (D:5)
  A sky beast (D:6)
  2 ogres (D:5)
  A centaur (D:6)
  3 phantoms
  A lemure (D:4)
  2 scorpions
  A hound (D:6)
  3 jellies (D:2)
  A gnoll bouda (D:6)
  2 orc priests
  3 iguanas
  8 orc wizards
  Robin (D:4)
  13 gnolls
  9 adders
  3 dart slugs
  2 ribbon worms (D:5)
  12 orcs
  3 ball pythons
  3 bats
  16 endoplasms
  3 giant cockroaches
  17 goblins
  7 hobgoblins (D:4)
  8 kobolds
  A quokka (D:2)
  3 frilled lizards
  4 rats
136 creatures vanquished.

Table legend: (Time is in decaauts)
 A = Elapsed time spent in this place.
 B = Non-inter-level travel time spent in this place.
 C = Inter-level travel time spent in this place.
 D = Time resting spent in this place.
 E = Time spent auto-exploring this place.
 F = Levels seen in this place.
 G = Mean time per level.
                   A        B        C        D        E       F      G
               +--------+--------+--------+--------+--------+-----+--------+
         Total |   6432 |   6293 |    139 |   1463 |   4014 |   7 |  918.9 |
       Dungeon |   6432 |   6293 |    139 |   1463 |   4014 |   7 |  918.9 |
               +--------+--------+--------+--------+--------+-----+--------+

Top non-repeatable levels by time:
     D:4: 1383 daAuts
     D:6: 1244 daAuts
     D:5: 1227 daAuts
     D:3: 1169 daAuts
     D:2: 924 daAuts
     D:1: 475 daAuts
     D:7: 7 daAuts

Table legend:
 A = Non-vault XP
 B = Vault XP
 C = Vault XP percentage of total XP
 D = Non-vault monster count
 E = Vault monster count
 F = Vault count percentage of total count
                 A         B        C        D         E       F
            +---------+---------+-------+---------+---------+-------
      Total |    1956 |    1374 |  41.3 |     102 |      33 |  24.4
            +---------+---------+-------+---------+---------+-------
        D:1 |      22 |       0 |   0.0 |      12 |       0 |   0.0
        D:2 |      55 |     149 |  73.0 |      12 |      14 |  53.8
        D:3 |     193 |       0 |   0.0 |      16 |       0 |   0.0
        D:4 |     312 |     994 |  76.1 |      21 |      18 |  46.2
        D:5 |     608 |     231 |  27.5 |      20 |       1 |   4.8
        D:6 |     725 |       0 |   0.0 |      18 |       0 |   0.0
        D:7 |      41 |       0 |   0.0 |       3 |       0 |   0.0
            +---------+---------+-------+---------+---------+-------
